 Dungeon Crawl Stone Soup version 0.31-a0-8-gd14b0f4ee2 (webtiles) character file.

Game seed: 14296316856724883467

258 Conn the Firebug (level 6, -8/38 HPs)
             Began as an Octopode Fire Elementalist on May 7, 2023.
             Mangled by hattey's ghost (10 damage)
             ... on level 3 of the Dungeon.
             The game lasted 00:06:39 (3054 turns).

Conn the Firebug (Octopode Fire Elementalist)       Turns: 3054, Time: 00:06:39

Health: -8/38      AC:  1    Str:  7    XL:     6   Next: 16%
Magic:  10/10      EV: 13    Int: 20    God:
Gold:   147        SH:  0    Dex: 12    Spells: 1/11 levels left

rFire   . . .        s - +3 mace (protect)
rCold   . . .        (no shield)
rNeg    . . .        (helmet restricted)
rPois   .            (no amulet)
rElec   .            (no ring)
rCorr   .            (no ring)
SInv    .            (no ring)
Will    .....        (no ring)
Stlth   ++           (no ring)
HPRegen 0.26/turn    (no ring)
MPRegen 0.12/turn    (no ring)
                     (no ring)

%: no passive effects
@: silenced
A: almost no armour, amphibious, 8 rings, camouflage 1, gelatinous body 1,
(nimble swimmer 1), tentacles
a: no special abilities


You were on level 3 of the Dungeon.
You visited 1 branch of the dungeon, and saw 3 of its levels.

You collected 147 gold pieces.

Inventory:

Hand Weapons
 b - a +0 dagger
 s - a +3 mace of protection (weapon)
Magical Staves
 h - a staff of cold
Scrolls
 c - 8 scrolls of identify {unknown}
 d - 2 scrolls of immolation
 g - 2 scrolls of noise {unknown}
 i - 2 scrolls of fog {unknown}
 l - a scroll of magic mapping {unknown}
 o - a scroll of teleportation {unknown}
 p - a scroll of enchant armour {unknown}
Potions
 a - a potion of magic
 f - a potion of might {unknown}
 j - a potion of mutation {unknown}
 k - a potion of brilliance {unknown}
 m - a potion of heal wounds {unknown}
 r - a potion of attraction {unknown}


   Skills:
 + Level 1.1 Fighting
 + Level 0.7 Short Blades
 + Level 0.6 Staves
 + Level 2.8 Dodging
 + Level 3.6 Stealth
 + Level 3.2 Spellcasting
 + Level 2.5 Conjurations
 + Level 4.2 Fire Magic


You had one spell level left.
You knew the following spells:

 Your Spells              Type           Power      Damage    Failure   Level
a - Foxfire               Conj/Fire      64%        2x1d7     3%          1
b - Scorch                Fire           40%        2d6       3%          2
c - Inner Flame           Hex/Fire       11%        N/A       17%         3
d - Flame Wave            Conj/Fire      16%        2d7       34%         4

Your spell library contained the following spells:

 Spells                   Type           Power      Damage    Failure   Level
 Magic Dart               Conj           52%        1d5       4%          1
 Kiss of Death            Conj/Necr      32%        2d7       9%          1
 Sting                    Tmut/Pois      12%        1d3       14%         1
 Searing Ray              Conj           26%        2d5       8%          2
 Volatile Blastmotes      Fire/Tloc      22%        2d11      17%         3
 Ensorcelled Hibernation  Hex/Ice        6%         N/A       22%         2
 Poisonous Vapours        Pois/Air       6%         N/A       22%         2
 Confusing Touch          Hex            3%         N/A       38%         3
 Spider Form              Tmut/Pois      3%         N/A       38%         3
 Fulminant Prism          Conj/Hex       4%         3d5       63%         4
 Anguish                  Hex/Necr       1%         N/A       80%         4
 Dispel Undead            Necr           3%         3d7       80%         4
 Olgreb's Toxic Radiance  Pois           3%         N/A       80%         4


Dungeon Overview and Level Annotations

Branches:
Dungeon (3/15)

Altars:

Annotations:
D:3 crabbyslav's ghost, weakling DsGl; hattey's ghost, amateur HuWn


Innate Abilities, Weirdness & Mutations

You cannot wear most types of armour.
You are amphibious.
You can wear up to eight rings at the same time.
Your skin changes colour to match your surroundings (Stealth+).
Your rubbery body absorbs attacks. (AC +1, EV +1)
((You are camouflaged when in or above water. (Stealth+)))
You have tentacles for arms and can constrict up to eight enemies at once.


Message History

You open the gate.
Unknown command.
Unknown command.
Unknown command.
Okay, then.
Unknown command.
Press: ? - help, v - describe, . - travel
Here: crabbyslav's ghost An open translucent gate.
Unknown command.
Unknown command.
Okay, then.
Unknown command.
Unknown command.
Crabbyslav's ghost attacks as you move away!
Crabbyslav's ghost hits you!
Hattey's ghost attacks as you move away!
Hattey's ghost hits you!
Crabbyslav's ghost attacks as you move away!
Crabbyslav's ghost hits you!
* * * LOW HITPOINT WARNING * * *
Okay, then.
Okay, then.
You feel better. Crabbyslav's ghost hits you!
* * * LOW HITPOINT WARNING * * *
Hattey's ghost hits you.
* * * LOW HITPOINT WARNING * * *
Okay, then.
Unknown command.
Unknown command.
Unknown command.
As you read the scroll labelled DASUQA AREWKO, it crumbles to dust.
It is a scroll of enchant weapon.
Your +2 mace of protection glows red for a moment.
Crabbyslav's ghost barely misses you. Hattey's ghost closely misses you.
As you read the scroll labelled QIUSAFOMOAR, it crumbles to dust.
A profound silence engulfs you.
It was a scroll of silence.
Crabbyslav's ghost stares at you. Crabbyslav's ghost barely misses you.
Hattey's ghost hits you!
You die...

....##....###8.....8##..#####'###
######'#####........!#..# #.....
.........# #♣.......♣#..# #.....
.........# #⌠.......⌠#### #.....
)........## ♣.......♣ #.....
..........#####'''### #...##
..........#.........########...##
..>.#.....#....WW...##...........
..........#.....@#####...........
#.#.##.##.#.....#...##...........
..#.##.##.......#...##...........
.##...........#.#...#########....
..#...........#.#...# ######
..#...........#.#...# #.<..#
..#.............#...# #....#
..#.............#...########....#
..#.#.###.......#...............#


You could see crabbyslav's ghost and hattey's ghost.

Vanquished Creatures
  A black bear (D:3)
  An orc priest (D:3)
  Robin (D:2)
  5 adders
  A worm (D:2)
  3 dart slugs (D:1)
  5 orcs (D:3)
  6 ball pythons
  2 bats
  2 endoplasms
  A giant cockroach (D:2)
  8 goblins
  7 hobgoblins
  2 jackals (D:3)
  9 kobolds
  2 quokkas
  10 frilled lizards
  5 rats
71 creatures vanquished.

Vanquished Creatures (others)
  186 foxfires
  6 plants (D:1)
192 creatures vanquished.

Grand Total: 263 creatures vanquished

Notes
Turn   | Place    | Note
-------+----------+-------------------------------------------
     0 | D:1      | Conn the Octopode Fire Elementalist began the quest for the
                  | Orb.
     0 | D:1      | Reached XP level 1. HP: 11/11 MP: 3/3
   192 | D:1      | Reached XP level 2. HP: 17/17 MP: 5/5
   196 | D:1      | Learned a level 2 spell: Scorch
   356 | D:1      | Found a faded altar of an unknown god.
   623 | D:1      | Reached XP level 3. HP: 18/21 MP: 6/6
  1023 | D:2      | Reached XP level 4. HP: 7/27 MP: 0/7
  1144 | D:2      | Noticed Robin
  1302 | D:2      | Killed Robin
  1455 | D:2      | Identified the +6 trident of Thieving Terror {antimagic,
                  | rF+ rC+ Str+4}
  1996 | D:3      | Noticed a black bear
  2004 | D:3      | Killed a black bear
  2005 | D:3      | Reached skill level 1 in Fighting
  2005 | D:3      | Reached skill level 4 in Fire Magic
  2005 | D:3      | Reached XP level 5. HP: 33/33 MP: 1/9
  2783 | D:3      | Reached XP level 6. HP: 38/38 MP: 6/10
  2858 | D:3      | Found a runed translucent gate.
  2858 | D:3      | Found a runed translucent gate.
  2862 | D:3      | Found a runed translucent gate.
  2862 | D:3      | Noticed crabbyslav's ghost (weakling DsGl)
  2862 | D:3      | Noticed hattey's ghost (amateur HuWn)
  3044 | D:3      | Learned a level 3 spell: Inner Flame
  3049 | D:3      | Learned a level 4 spell: Flame Wave
  3054 | D:3      | Mangled by hattey's ghost

Illustrated notes

Levels and vault maps discovered:
D:1:      dpeg_arrival_signposts, layout_basic,
          hellmonk_ecumenical_altar_blasted, minmay_lizard_king
D:2:      layout_rooms, uniq_robin
D:3:      layout_basic, gammafunk_ghost_cemetery, minmay_misc_feat_square

Skill      XL: |  1  2  3  4 |
---------------+-------------+-----
Stealth        | 3 |  3.6
Fighting       | 1 |  1.1
Spellcasting   | 3 |  3.2
Conjurations   | 2 |  2.5
Fire Magic     | 4 |  4.2
Short Blades   | |  0.7
Staves         | |  0.6
Dodging        | |  2.8

Action                     |  1- 3 |  4- 6 || total
---------------------------+-------+-------++-------
  Melee: Dagger            |    41 |       ||    41
         Constrict         |    16 |     6 ||    22
         Tentacles         |     5 |     7 ||    12
         Staff             |     8 |    25 ||    33
   Cast: Foxfire           |    30 |    76 ||   106
         Scorch            |       |     2 ||     2
    Use: Scroll            |       |     2 ||     2
         Potion            |       |     1 ||     1
   Stab: Sleeping          |     1 |     2 ||     3
 Armour: Skin              |     7 |     1 ||     8
  Dodge: Dodged            |    30 |    39 ||    69

Table legend: (Time is in decaauts)
 A = Elapsed time spent in this place.
 B = Non-inter-level travel time spent in this place.
 C = Inter-level travel time spent in this place.
 D = Time resting spent in this place.
 E = Time spent auto-exploring this place.
 F = Levels seen in this place.
 G = Mean time per level.
                   A        B        C        D        E       F      G
               +--------+--------+--------+--------+--------+-----+--------+
         Total |   3059 |   3028 |     31 |    117 |   2181 |   3 | 1019.7 |
       Dungeon |   3059 |   3028 |     31 |    117 |   2181 |   3 | 1019.7 |
               +--------+--------+--------+--------+--------+-----+--------+

Top non-repeatable levels by time:
     D:3: 1353 daAuts
     D:2: 957 daAuts
     D:1: 748 daAuts
